 Dungeon Crawl Stone Soup version 0.29.1-15-g9cfb28693d (webtiles) character file.

Game seed: 5335685190437342169

129 Peloso the Trooper (level 4, 0/41 HPs)
             Began as a Minotaur Fighter on Apr 15, 2023.
             Killed from afar by a raiju (7 damage)
             ... with a living lightning
             ... on level 2 of the Abyss.
             The game lasted 00:05:00 (2887 turns).

Peloso the Trooper (Minotaur Fighter)               Turns: 2887, Time: 00:05:00

Health: 0/41       AC: 12    Str: 21    XL:     4   Next: 88%
Magic:  3/3        EV:  7    Int:  5    God:
Gold:   144        SH:  4    Dex: 11    Spells: 3/3 levels left

rFire   . . .      SeeInvis .   a - +0 long sword
rCold   . . .      Faith    .   d - +0 buckler
rNeg    . . .      Spirit   .   c - +3 chain mail
rPois   .          Reflect  .   (helmet restricted)
rElec   .          Harm     .   (no cloak)
rCorr   .          Rampage  .   (no gloves)
Will    .....                   (no boots)
Stlth   ..........              (no amulet)
HPRegen 0.13/turn               (no ring)
MPRegen 0.08/turn               (no ring)

@: no status effects
A: horns 2, retaliatory headbutt
a: no special abilities


You were on level 2 of the Abyss.
You visited 1 branch of the dungeon, and saw 4 of its levels.
You visited the Abyss 1 time.

You collected 144 gold pieces.

Inventory:

Hand Weapons
 a - a +0 long sword (weapon)
Armour
 b - a +0 scale mail
 c - a +3 chain mail (worn)
 d - a +0 buckler (worn)
Jewellery
 n - a ring of fire
 p - a +6 ring of strength
Scrolls
 g - 2 scrolls of teleportation {unknown}
 j - a scroll of enchant weapon {unknown}
 o - a scroll of butterflies
Potions
 e - a potion of haste
 f - a potion of lignification {unknown}
 h - 2 potions of might
 i - a potion of brilliance {unknown}
 k - 3 potions of heal wounds
 l - a potion of magic {unknown}
 m - a potion of attraction {unknown}
 q - a potion of degeneration {unknown}
 r - a potion of curing


   Skills:
 + Level 4.7 Fighting
 + Level 4.1 Long Blades
 + Level 4.6 Armour
 + Level 0.1 Dodging
 + Level 4.1 Shields


You had 3 spell levels left.
You didn't know any spells.
Your spell library was empty.

Dungeon Overview and Level Annotations

Branches:
Dungeon (4/15)
 Temple: D:4-7

Altars:
Fedhas
Qazlal

Annotations:
D:3 3 runed translucent doors, RogiNicba's ghost, amateur MiBe


Innate Abilities, Weirdness & Mutations

You have a pair of horns on your head.
You reflexively headbutt those who attack you in melee.


Message History

You closely miss the small abomination.
The small abomination is moderately damaged.
The small abomination hits you but does no damage.
You hit the small abomination.
The small abomination is heavily damaged.
The ancient zyme hits you but does no damage.
The ancient zyme hits you. The small abomination hits you!
The ancient zyme hits you.
The ancient zyme hits you but does no damage.
You feel ill.
You hit the small abomination but do no damage.
Your headbutt misses the small abomination.
The small abomination is heavily damaged.
You are suddenly pulled into a different region of the Abyss!
Found a gateway leading deeper into the Abyss.
Unknown command.
You feel your health improve.
A large abomination comes into view.
There is a gateway leading deeper into the Abyss here.
A large abomination comes into view.
There is a gateway leading deeper into the Abyss here.
You plunge deeper into the Abyss.
Found a corrupted altar of Lugonu. 2 raiju come into view.
The raiju barks! x3
The raiju bursts into living lightning!
The living lightning hits you!
The raiju blinks!
You hit the raiju.
The raiju is lightly wounded.
The raiju barely misses you. You furiously retaliate!
You headbutt the raiju! You hit the raiju but do no damage.
The raiju is heavily wounded.
The raiju bites you! The raiju shocks you!
* * * LOW HITPOINT WARNING * * *
Unknown command.
You miss the raiju. Your headbutt misses the raiju.
The raiju is heavily wounded.
The raiju bursts into living lightning!
The living lightning hits you!
You die...

#.# #. #.# #.
.##.# #. .#.##.
..#.# #. #...# ...
#h..# # ...#
#@..###.###
..#.##.~~.......
...##...##.#
..##...#. . ###
#h.#.## #.###.
........#
.#......#...##....
... #.....#..#....
####.......#...###


You could see 2 raiju.

Vanquished Creatures
  5 adders
  A gnoll (D:2)
  2 dart slugs
  An orc (D:4)
  8 endoplasms
  2 giant cockroaches
  6 goblins
  5 hobgoblins
  4 jackals (D:3)
  4 kobolds
  3 quokkas
  10 ball pythons
  5 bats
  5 frilled lizards
  5 rats
66 creatures vanquished.

Vanquished Creatures (others)
  A fungus (D:3)
  3 plants (D:3)
4 creatures vanquished.

Grand Total: 70 creatures vanquished

Notes
Turn   | Place    | Note
-------+----------+-------------------------------------------
     0 | D:1      | Peloso the Minotaur Fighter began the quest for the Orb.
     0 | D:1      | Reached XP level 1. HP: 19/19 MP: 0/0
   186 | D:1      | Reached XP level 2. HP: 26/27 MP: 1/1
   476 | D:1      | Found a faded altar of an unknown god.
   838 | D:2      | Reached XP level 3. HP: 32/33 MP: 2/2
  1498 | D:2      | Reached XP level 4. HP: 39/39 MP: 3/3
  1850 | D:3      | Found a runed translucent gate.
  1850 | D:3      | Found a runed translucent gate.
  1851 | D:3      | Found a runed translucent gate.
  1851 | D:3      | Noticed RogiNicba's ghost (amateur MiBe)
  1852 | D:3      | Noticed a scorpion
  2061 | D:3      | Found a blossoming altar of Fedhas.
  2069 | D:3      | Found a stormy altar of Qazlal.
  2622 | Abyss:1  | Cast into level 1 of the Abyss (orc priest)
  2714 | Abyss:1  | Noticed a neqoxec
  2721 | Abyss:1  | Noticed an ancient zyme
  2731 | Abyss:1  | Noticed a small abomination
  2859 | Abyss:1  | Noticed a large abomination
  2863 | Abyss:1  | Noticed a large abomination
  2865 | Abyss:2  | Found a corrupted altar of Lugonu.
  2868 | Abyss:2  | Noticed a raiju
  2868 | Abyss:2  | Noticed a raiju
  2868 | Abyss:2  | Noticed a raiju
  2887 | Abyss:2  | Killed from afar by a raiju

Illustrated notes

Levels and vault maps discovered:
D:1:      matt_arrival_diagonals, layout_loops_ring,
          dilly_ecumenical_altar_fadedgnrine
D:2:      layout_loops_ring, minmay_box_of_dots
D:3:      layout_loops_ring, grunt_temple_overflow_forces_of_nature,
          gammafunk_ghost_split, corner_web_ring
D:4:      minmay_razor_zed, layout_basic, minmay_quadrilaterals
Abyss:2:  base: D:1, spicy_abyss_helpful_harpoons

Skill      XL: |  1  2  3  4 |
---------------+-------------+-----
Fighting       | 4 |  4.7
Armour         | 4 |  4.6
Shields        | 4 |  4.1
Long Blades    | 3 4 |  4.1
Dodging        | |  0.1

Action                   |  1- 3 |  4- 6 || total
-------------------------+-------+-------++-------
Melee: Long sword        |    96 |    63 ||   159
       Headbutt          |    14 |     8 ||    22
  Use: Potion            |     2 |       ||     2
       Scroll            |       |     5 ||     5
Armor: Scale mail        |    14 |       ||    14
       Chain mail        |    36 |    40 ||    76
Dodge: Dodged            |    32 |    27 ||    59
Block: Buckler           |    24 |    15 ||    39
